 Dungeon Crawl Stone Soup version 0.22-a0-609-gfedc9ff (webtiles) character file.

517 Hebeh the Conjurer (level 7, -1/36 HPs)
             Began as a Deep Elf Fire Elementalist on July 10, 2018.
             Slain by Duvessa
             ... wielding a +2 short sword of venom
              (5 damage)
             ... on level 4 of the Dungeon.
             The game lasted 00:17:17 (3852 turns).

Hebeh the Conjurer (Deep Elf Fire Elementalist)     Turns: 3852, Time: 00:17:18

Health: -1/36      AC:  2    Str:  6    XL:     7   Next: 0%
Magic:  7/17       EV: 13    Int: 21    God:
Gold:   164        SH:  0    Dex: 15    Spells: 11/17 levels left

rFire    . . .     SeeInvis .   p - +2 short sword (venom)
rCold    . . .     Gourm    .   (no shield)
rNeg     . . .     Faith    .   a - +0 robe
rPois    .         Spirit   .   (no helmet)
rElec    .         Reflect  .   (no cloak)
rCorr    .         Harm     .   (no gloves)
MR       .....                  (no boots)
Stlth    ++........             (no amulet)
HPRegen  0.12/turn              (no ring)
MPRegen  0.15/turn              (no ring)

@: lethally poisoned (-1 -> -21)
A: no striking features
a: no special abilities


You were on level 4 of the Dungeon.
You were not hungry.

You visited 1 branch of the dungeon, and saw 4 of its levels.

You collected 164 gold pieces.

Inventory:

Hand Weapons
 i - a +5 short sword of holy wrath
 k - a +2 dagger of freezing
 p - a +2 short sword of venom (weapon)
Missiles
 e - 19 sling bullets
 f - 109 stones (quivered)
Armour
 a - a +0 robe (worn)
Wands
 d - a wand of flame (15)
Scrolls
 b - a scroll of random uselessness {unknown}
 j - 3 scrolls of identify
 n - 3 scrolls of remove curse
Potions
 g - a potion of agility {unknown}
 h - 4 potions of curing
 m - a potion of mutation {unknown}
 q - a potion of lignification {unknown}
Comestibles
 c - 9 rations


   Skills:
 - Level 2.4 Dodging
 - Level 2.4 Stealth
 + Level 5.5 Spellcasting
 * Level 5.8 Conjurations
 + Level 5.1 Fire Magic


You had 11 spell levels left.
You knew the following spells:

 Your Spells              Type           Power        Failure   Level  Hunger
a - Flame Tongue          Conj/Fire      ####.        1%          1    None
b - Throw Flame           Conj/Fire      ####..       1%          2    None
c - Conjure Flame         Conj/Fire      ####....     3%          3    ##.....

Your spell library contained the following spells:

 Spells                   Type           Power        Failure   Level  Hunger
 Fireball                 Conj/Fire      ####......   30%         5    #####..
 Sticky Flame             Conj/Fire      ####....     11%         4    ####...
 Inner Flame              Hex/Fire       ###.....     11%         3    ##.....


Dungeon Overview and Level Annotations

Branches:
Dungeon (4/15)
 Temple: D:4-7

Altars:
Wu Jian
Xom

Annotations:
D:4 Duvessa


Message History

Aiming: Flame Tongue (safe; 1% risk of failure)
Press: ? - help, Shift-Dir - straight line, f/p - Duvessa
Aim: Duvessa, wielding a short sword of venom and wearing a shiny ring mail (moderately wounded)
The flame tongue hits Duvessa.
Duvessa is severely wounded.
You feel sick.
Duvessa hits you with a short sword of venom!
* * * LOW HITPOINT WARNING * * *
You are more poisoned.
Casting: Flame Tongue (safe; 1% risk of failure)
Confirm with . or Enter, or press ? or * to list all spells.
Aiming: Flame Tongue (safe; 1% risk of failure)
Press: ? - help, Shift-Dir - straight line, f/p - Duvessa
Aim: Duvessa, wielding a short sword of venom and wearing a shiny ring mail (severely wounded)
The flame tongue hits Duvessa.
Duvessa is severely wounded.
* * * LOW HITPOINT WARNING * * *
You feel sick.
Duvessa hits you with a short sword of venom.
You die...

.....# .....# ..##
.....# .... ####
.....# ...# ...#
.....# ...# ....#
.....#... ...%#
.....#.# ......
.......# #####...†.#
..##.### #..@e.#
#.##.#### #.....#
#.##....# #.....#
#.#####.# ##.....#
..#####.# ##......#
........####.....###
.....................
.###########.....####
....... .........


You could see Duvessa.

Vanquished Creatures
  Sigmund (D:2)
  A phantom (D:4)
  A howler monkey (D:4)
  2 orc wizards
  Jessica (D:3)
  An iguana (D:4)
  Terence (D:3)
  3 adders
  An ooze (D:3)
  3 worms
  A leopard gecko (D:3)
  6 orcs
  12 bats
  4 giant cockroaches
  7 goblins
  6 hobgoblins
  4 jackals (D:1)
  4 quokkas
  4 frilled lizards
  8 kobolds
  A leopard gecko skeleton (D:4)
  7 rats
79 creatures vanquished.

Notes
Turn   | Place    | Note
-------+----------+-------------------------------------------
     0 | D:1      | Hebeh the Deep Elf Fire Elementalist began the quest for the Orb.
     0 | D:1      | Reached XP level 1. HP: 10/10 MP: 6/6
   127 | D:1      | Reached XP level 2. HP: 14/15 MP: 5/8
   980 | D:2      | Reached XP level 3. HP: 19/19 MP: 7/10
  1198 | D:2      | Learned a level 2 spell: Throw Flame
  1202 | D:2      | Learned a level 3 spell: Conjure Flame
  1353 | D:2      | Found an ornate altar of the Wu Jian Council.
  1615 | D:2      | Found a faded altar of an unknown god.
  1977 | D:2      | Noticed Sigmund
  1984 | D:2      | Killed Sigmund
  1984 | D:2      | Reached XP level 4. HP: 24/24 MP: 1/12
  1984 | D:2      | Reached XP level 5. HP: 28/28 MP: 1/14
  2401 | D:3      | Noticed Terence
  2412 | D:3      | Killed Terence
  2748 | D:3      | Found a shimmering altar of Xom.
  2750 | D:3      | Found a shimmering altar of Xom.
  2802 | D:3      | Reached XP level 6. HP: 32/32 MP: 10/15
  2841 | D:3      | Found a shimmering altar of Xom.
  2900 | D:3      | Reached skill level 5 in Spellcasting
  3278 | D:3      | Noticed Jessica
  3281 | D:3      | Killed Jessica
  3281 | D:3      | Reached skill level 5 in Conjurations
  3610 | D:4      | Reached skill level 5 in Fire Magic
  3799 | D:4      | Reached XP level 7. HP: 36/36 MP: 6/17
  3845 | D:4      | Noticed Duvessa
  3852 | D:4      | Slain by Duvessa

Vault maps used:
D:1:      ncdulo_watergridlock
D:2:      nicolae_overflow_crystal_walls, chequers_ecumenical_altar_lobes,
          uniq_sigmund
D:3:      xom_redecorated, first_ration, kennysheep_jessica_study, uniq_terence
D:4:      uniq_duvessa

Skill      XL: |  1  2  3  4  5  6 |
---------------+-------------------+-----
Conjurations   | 2 4 5 |  5.8
Spellcasting   | 4 5 |  5.5
Fire Magic     | 4 5 |  5.1
Dodging        | |  2.4
Stealth        | |  2.4

Action                   |  1- 3 |  4- 6 |  7- 9 || total
-------------------------+-------+-------+-------++-------
Melee: Short sword       |    16 |       |       ||    16
Throw: Stone             |    29 |       |       ||    29
 Cast: Flame Tongue      |    88 |    31 |     8 ||   127
       Throw Flame       |     6 |    46 |       ||    52
  Use: Scroll            |       |     6 |       ||     6
  Eat: Chunk             |     3 |     6 |       ||     9
Armor: Robe              |    14 |     1 |       ||    15
Dodge: Dodged            |    48 |     6 |     1 ||    55

Table legend:
 A = Spawn XP
 B = Non-spawn XP
 C = Spawn XP percentage of total XP
 D = Spawn monster count
 E = Non-spawn monster count
 F = Spawn count percentage of total count
 G = Total turns spent on level
                    A         B        C        D         E        F      G
               +---------+---------+-------+---------+---------+-------+---------
         Total |       0 |     739 |   0.0 |       0 |      79 |   0.0 |  3852
               +---------+---------+-------+---------+---------+-------+---------
           D:1 |       0 |      39 |   0.0 |       0 |      23 |   0.0 |   839
           D:2 |       0 |     267 |   0.0 |       0 |      26 |   0.0 |  1542
           D:3 |       0 |     178 |   0.0 |       0 |      21 |   0.0 |   963
           D:4 |       0 |     255 |   0.0 |       0 |       9 |   0.0 |   508
               +---------+---------+-------+---------+---------+-------+---------
